 Dungeon Crawl Stone Soup version 0.31-a0-435-g2c6fae2 (webtiles) character file.

Game seed: 3514333460829863703

2611 Dorkslayer the Spear-Bearer (level 9, 0/71 HPs)
             Began as a Merfolk Fighter on July 31, 2023.
             Was an Initiate of Gozag.
             Slain by an unseen horror (1 damage)
             ... on level 7 of the Dungeon.
             The game lasted 00:18:42 (6247 turns).

Dorkslayer the Spear-Bearer (Merfolk Fighter)       Turns: 6247, Time: 00:18:43

Health: 0/71       AC:  9    Str: 17    XL:     9   Next: 60%
Magic:  9/9        EV: 28    Int:  7    God:    Gozag
Gold:   806        SH:  6    Dex: 17    Spells: 8/8 levels left

rFire   . . .        a - +0 trident
rCold   . . .        c - +0 buckler
rNeg    . . .        p - +0 chain mail
rPois   .            (helmet currently unavailable)
rElec   .            (cloak currently unavailable)
rCorr   .            (gloves currently unavailable)
SInv    .            (boots currently unavailable)
Will    .....        b - amulet of the acrobat Stlth
                     i - +5 ring of evasion
HPRegen 0.31/turn    (no ring)
MPRegen 0.11/turn

%: acrobat
@: brilliant, beast-form, acrobatic
A: beast (slay +2), (nimble swimmer 2), mertail, agile 1, weak 1
a: Begin Untransformation, Renounce Religion, Potion Petition, Call Merchant,
Bribe Branch


You were on level 7 of the Dungeon.
You worshipped Gozag.
Gozag was pleased with you.
You were a hulking beast.
You visited 2 branches of the dungeon, and saw 8 of its levels.
You also visited: Sewer and Ossuary.

You collected 917 gold pieces.
You paid 111 gold pieces to Gozag.

Inventory:

Hand Weapons
 a - a +0 trident (weapon)
Armour
 c - a +0 buckler (worn)
 p - a +0 chain mail (worn)
 q - a +0 cloak
 r - a +0 plate armour
Jewellery
 b - an amulet of the acrobat (around neck)
 i - a +5 ring of evasion (left hand)
Talismans
 k - a beast talisman (active)
Scrolls
 e - 2 scrolls of identify
 j - a scroll of fear
 o - a scroll of teleportation
Potions
 h - a potion of cancellation
 m - a potion of attraction


   Skills:
 + Level 6.4 Fighting
 + Level 10.9 Polearms
 + Level 4.3 Armour
 + Level 3.5 Dodging
 + Level 0.9 Stealth
 + Level 5.2 Shields
 - Level 4.2 Shapeshifting


You had 8 spell levels left.
You didn't know any spells.
Your spell library contained the following spells:

 Spells                   Type           Power      Damage    Failure   Level
 Ensorcelled Hibernation  Hex/Ice        0%         N/A       100%        2
 Passwall                 Tmut/Erth      0%         N/A       100%        2
 Swiftness                Air            0%         N/A       100%        3


Dungeon Overview and Level Annotations

Branches:
Dungeon (7/15)             Temple (1/1) D:5           Sewer (visited)
Ossuary (visited)

Altars:
Ashenzari
Cheibriados
Elyvilon
Gozag
Hepliaklqana
Kikubaaqudgha
Makhleb
Nemelex Xobeh
Okawaru
Qazlal
Ru
Sif Muna
Trog
Uskayaw
Vehumet
Wu Jian
Xom
Yredelemnul
The Shining One


Innate Abilities, Weirdness & Mutations

You are a hulking beast.
Your limbs bulge with bestial killing power. (Slay +2)
((You are very nimble when in or above water. (Stealth+, EV+, Speed+++)))
Your lower body shifts to a powerful aquatic tail in water.
You are agile. (Dex +4, Str/Int -1)
You are weak. (Str -2)


Message History

You miss something. Something hits you. Something hits you.
Something hits you but does no damage.
You miss something. Something hits you. x2
You puncture something! Something hits you! Something completely misses you.
Something misses you. Something hits you but does no damage.
Something barely misses you.
Things that are here:
6 gold pieces; a +0 spear; a +0 buckler You see here 14 gold pieces.
Something hits you.
You closely miss something. Something hits you but does no damage.
Reach: a) +0 trident
Press: ? - help, Dir - move target, f - you That would be overly suicidal.
Okay, then.
Reach: a) +0 trident
Press: ? - help, Dir - move target You reach to attack!
You hit something. Something hits you.
You hit something. Something hits you. Something hits you.
* * * LOW HITPOINT WARNING * * *
Something hits you but does no damage.
It was a potion of brilliance.
You feel clever all of a sudden. Something hits you.
* * * LOW HITPOINT WARNING * * *
Something misses you. Something hits you!
* * * LOW HITPOINT WARNING * * *
You completely miss something. Something hits you but does no damage.
You hit something but do no damage. Something hits you.
* * * LOW HITPOINT WARNING * * *
Something hits you.
* * * LOW HITPOINT WARNING * * *
Something hits you.
* * * LOW HITPOINT WARNING * * *
Something hits you.
You die...
Your body crumbles into a pile of gold.

.. #.........# ....
...#.........##....#
...#...#...........#
.......#..)))..########
.......#...).###$..$..###
...........###...###$$..### ...
..........##.~.###.$###...###....
.....##.##....##......##....##...
.....#.##....##(h####...#.... #..
.....')#....##..## ##g.# ..^ #..
.....#.#....#.$## ##h.#....#..
...))<.#....#8$# #.8#....#..
.....#.#^...#..# $$ #..#....#..
.....#.#....#..# #.$#....###
.....#.#....#8.# ..8#....#..
.....###....#.$## #..#....#..
#......#....##..## ##....#..


There were no monsters in sight!

Vanquished Creatures
  A steam dragon (D:7)
  2 water moccasins (D:7)
  An ice beast (D:7)
  5 sky beasts (D:7)
  2 ogres
  2 kobold brigands (D:7)
  2 bullfrogs
  5 scorpions
  A killer bee (D:7)
  2 jellies
  3 centaur zombies (Ossuary)
  7 hounds
  A human zombie (Ossuary)
  2 sleepcaps
  2 iguanas
  A gnoll bouda (D:4)
  2 orc wizards
  2 mummies (Ossuary)
  4 gnolls
  9 adders
  2 shadow imps
  A white imp (D:5)
  3 ufetubi
  3 adder zombies (Ossuary)
  2 worms
  6 dart slugs
  18 orcs
  8 ball pythons
  9 endoplasms
  12 giant cockroaches
  6 goblins
  10 hobgoblins
  2 jackals (D:3)
  16 quokkas
  A bat (D:1)
  22 frilled lizards
  A goblin zombie (Ossuary)
  11 hobgoblin zombies (Ossuary)
  A jackal zombie (Ossuary)
  7 kobolds
  8 kobold zombies (Ossuary)
  8 orc zombies (Ossuary)
  10 rats
  A rat zombie (Ossuary)
224 creatures vanquished.

Notes
Turn   | Place    | Note
-------+----------+-------------------------------------------
     0 | D:1      | Dorkslayer the Merfolk Fighter began the quest for the Orb.
     0 | D:1      | Reached XP level 1. HP: 18/18 MP: 1/1
   168 | D:1      | Reached XP level 2. HP: 24/24 MP: 2/2
   409 | D:1      | You fall into a shaft and drop 1 floor!
   420 | D:2      | Reached XP level 3. HP: 25/30 MP: 3/3
   498 | D:2      | Reached skill level 1 in Dodging
   552 | D:2      | Reached skill level 3 in Polearms
   909 | D:1      | Reached XP level 4. HP: 37/37 MP: 4/4
  1072 | D:2      | Reached skill level 1 in Shapeshifting
  1640 | D:3      | Found a stormy altar of Qazlal.
  1928 | D:3      | Found a glowing drain.
  1932 | Sewer    | Entered a sewer
  1965 | Sewer    | Reached skill level 4 in Polearms
  1994 | Sewer    | Reached XP level 5. HP: 38/42 MP: 5/5
  2189 | Sewer    | Reached XP level 6. HP: 33/48 MP: 6/6
  2570 | D:4      | Found a hide-covered altar of Uskayaw.
  2649 | D:4      | Reached skill level 5 in Polearms
  2916 | D:4      | Found a broken altar of Ashenzari.
  3069 | D:4      | Reached XP level 7. HP: 11/54 MP: 7/7
  3481 | D:4      | Found a radiant altar of Vehumet.
  3481 | D:4      | Found a bloodstained altar of Trog.
  3569 | D:5      | Entered Level 5 of the Dungeon
  3815 | D:5      | Reached skill level 6 in Polearms
  3919 | D:5      | Found a staircase to the Ecumenical Temple.
  3932 | Temple   | Entered the Ecumenical Temple
  3949 | Temple   | Became a worshipper of Gozag Ym Sagoz the Greedy
  4164 | D:5      | Gained mutation: You are weak. (Str -2) [potion of
                  | mutation]
  4164 | D:5      | Gained mutation: You are agile. (Dex +4, Str/Int -1)
                  | [potion of mutation]
  4175 | D:5      | Reached skill level 7 in Polearms
  4175 | D:5      | Reached XP level 8. HP: 45/61 MP: 8/8
  4467 | D:6      | Found a sand-covered staircase.
  4476 | Ossuary  | Entered an ossuary
  4970 | D:6      | Found a burning altar of Makhleb.
  4976 | D:6      | Reached skill level 8 in Polearms
  5415 | D:7      | Reached skill level 5 in Fighting
  5666 | D:7      | Reached skill level 9 in Polearms
  5744 | D:7      | Reached XP level 9. HP: 24/68 MP: 9/9
  5935 | D:7      | Reached skill level 5 in Shields
  6003 | D:7      | Reached skill level 10 in Polearms
  6077 | D:7      | HP: 3/71 [gnoll/+0 spear (8)]
  6246 | D:7      | HP: 3/71 [something (6)]
  6246 | D:7      | HP: 1/71 [something (2)]
  6247 | D:7      | Slain by an unseen horror

Illustrated notes

Levels and vault maps discovered:
D:1:      dpeg_arrival_orchard, layout_loops_cross, minmay_lizard_king
D:2:      layout_basic
D:3:      layout_basic, mainiacjoe_overflow_alcove_2, gup_sewer_entry_bowl
D:4:      layout_rooms, amcnicky_altar_gilded, nicolae_ashenzari_skybound,
          mainiacjoe_overflow_large_starburst
D:5:      layout_cave_pools, minmay_temple_entry_tees,
          kennysheep_big_empty_room, kennysheep_generic_room_10
D:6:      layout_gridville, nicolae_overflow_crystal_walls,
          nicolae_ossuary_entry_monument
D:7:      layout_basic, abandoned_shop, nzn_random_ring
Temple:   nicolae_temple_ecumenical_triangle

Skill      XL: |  1  2  3  4  5  6  7  8  9 |
---------------+----------------------------+-----
Dodging        | 1 2 3 |  3.5
Polearms       | 3 4 5 7 9 10 | 10.9
Shapeshifting  | 1 2 3 4 |  4.2
Fighting       | 4 5 6 |  6.4
Armour         | 3 4 |  4.3
Shields        | 4 5 |  5.2
Stealth        | |  0.9

Action                     |  1- 3 |  4- 6 |  7- 9 || total
---------------------------+-------+-------+-------++-------
  Melee: Trident           |   107 |   251 |   436 ||   794
         Tailslap          |       |     1 |       ||     1
    Use: Potion            |     2 |     1 |     9 ||    12
         Scroll            |       |     7 |     9 ||    16
 Armour: Scale mail        |    29 |    75 |     7 ||   111
         Chain mail        |       |       |   136 ||   136
  Dodge: Dodged            |    31 |   110 |   228 ||   369
  Block: Buckler           |    24 |    66 |    83 ||   173
   Form: Beast             |     1 |       |       ||     1

Table legend: (Time is in decaauts)
 A = Elapsed time spent in this place.
 B = Non-inter-level travel time spent in this place.
 C = Inter-level travel time spent in this place.
 D = Time resting spent in this place.
 E = Time spent auto-exploring this place.
 F = Levels seen in this place.
 G = Mean time per level.
                   A        B        C        D        E       F      G
               +--------+--------+--------+--------+--------+-----+--------+
         Total |   6198 |   6156 |     42 |    586 |   2668 |  10 |  619.8 |
       Dungeon |   5580 |   5538 |     42 |    577 |   2628 |   7 |  797.1 |
        Temple |     34 |     34 |      0 |      0 |      0 |   1 |   34.0 |
         Sewer |    277 |    277 |      0 |      9 |     40 |   1 |  277.0 |
       Ossuary |    306 |    306 |      0 |      0 |      0 |   1 |  306.0 |
               +--------+--------+--------+--------+--------+-----+--------+

Top non-repeatable levels by time:
     D:4: 1086 daAuts
     D:1: 836 daAuts
     D:7: 800 daAuts
     D:2: 747 daAuts
     D:3: 744 daAuts
     D:5: 685 daAuts
     D:6: 679 daAuts
 Ossuary: 306 daAuts
   Sewer: 277 daAuts
  Temple: 34 daAuts
